 Dungeon Crawl Stone Soup version 0.26.0-15-gc6cd9f700b (webtiles) character file.

Game seed: 4579158782657060327

10656 ythm the Brawler (level 11, -4/102 HPs)
             Began as a Troll Hunter on Jan 15, 2021.
             Slain by a blink frog (18 damage)
             ... led by Prince Ribbit
             ... on level 1 of the Lair of Beasts.
             The game lasted 00:16:16 (8294 turns).

ythm the Brawler (Troll Hunter)                     Turns: 8294, Time: 00:16:17

Health: -4/102     AC:  9    Str: 22    XL:     11   Next: 39%
Magic:  10/10      EV: 10    Int: 10    God:
Gold:   661        SH:  5    Dex: 13    Spells: 10/10 levels left

rFire    . . .     SeeInvis +     - Unarmed
rCold    . . .     Faith    .   (no shield)
rNeg     . . .     Spirit   .   b - +1 robe
rPois    .         Reflect  +   r - +1 hat {Int+3}
rElec    .         Harm     .   v - +0 cloak
rCorr    .         Rampage  .   (gloves unavailable)
Will     .....                  (boots unavailable)
Stlth    +.........             o - amulet of reflection
HPRegen  0.67/turn              A - ring of see invisible
MPRegen  0.12/turn              (no ring)

@: mighty
A: large, unfitting armour, claws 3, regeneration 1, shaggy fur 1, tough skin 3
a: no special abilities


You were on level 1 of the Lair of Beasts.
You visited 3 branches of the dungeon, and saw 11 of its levels.
You also visited: Ossuary.

You collected 661 gold pieces.

Inventory:

Hand Weapons
 a - a +2 mace of venom
Missiles
 c - 4 large rocks (quivered)
 d - 2 throwing nets
 H - 4 javelins
Armour
 b - a +1 robe (worn)
 r - a +1 hat of intelligence (worn)
 v - a +0 cloak (worn)
Jewellery
 o - an amulet of reflection (around neck)
 A - a ring of see invisible (left claw)
 G - an uncursed ring of fire
Wands
 u - a wand of iceblast (8)
 B - a wand of random effects (43)
 C - a wand of flame (14)
 I - a wand of polymorph (7)
Scrolls
 f - 4 scrolls of amnesia
 j - a scroll of enchant weapon
 k - 5 scrolls of remove curse
 n - a scroll of fog
 p - 4 scrolls of teleportation
 t - 5 scrolls of enchant armour
 y - 2 scrolls of fear
 F - a scroll of blinking {unknown}
 J - 2 scrolls of magic mapping {unknown}
Potions
 e - 5 potions of curing
 g - a potion of resistance
 h - 5 potions of heal wounds
 i - 5 potions of brilliance
 l - a potion of lignification
 m - 7 potions of flight
 q - a potion of mutation
 s - 4 potions of attraction
 w - a potion of ambrosia {unknown}
 x - a potion of haste
 z - 2 potions of might
 D - a potion of berserk rage
 E - a potion of invisibility


   Skills:
 + Level 5.0 Fighting
 + Level 5.1 Throwing
 - Level 1.5 Dodging
 - Level 0.3 Stealth
 * Level 15.7 Unarmed Combat


You had 10 spell levels left.
You didn't know any spells.
Your spell library contained the following spells:

 Spells                   Type           Power        Failure   Level
 Animate Skeleton         Necr           0%           36%         1
 Pain                     Necr           0%           36%         1
 Vampiric Draining        Necr           0%           75%         3
 Animate Dead             Necr           0%           98%         4
 Agony                    Necr           0%           100%        5


Dungeon Overview and Level Annotations

Branches:
Dungeon (9/15)             Temple (1/1) D:4            Lair (1/6) D:8
    Orc (0/2) D:9         Ossuary (visited)

Altars:
Ashenzari
Cheibriados
Dithmenos
Fedhas
Gozag
Hepliaklqana
Kikubaaqudgha
Makhleb
Nemelex Xobeh
Qazlal
Ru
Sif Muna
Trog
Uskayaw
Vehumet
Wu Jian
Xom
Yredelemnul
Zin

Shops:
D:6 [

Annotations:
Lair:1 Prince Ribbit


Innate Abilities, Weirdness & Mutations

You are too large for most types of armour.
You have claws for hands.
Your natural rate of healing is unusually fast.
You are covered in fur. (AC +1)
You have extremely tough skin. (AC +3)


Message History

Prince Ribbit disappears!
You feel very mighty all of a sudden. The blink frog hits you.
The blink frog blinks!
Unknown command.
You barely miss the blink frog. The blink frog barely misses you.
Unknown command.
You miss the blink frog. The blink frog hits you!
The blink frog blinks!
The blink frog hits you but does no damage.
The blink frog barely misses you.
Unknown command.
You barely miss the blink frog. The blink frog barely misses you.
The blink frog hits you!!
* * * LOW HITPOINT WARNING * * *
Unknown command.
You claw the blink frog!
The blink frog is heavily wounded.
The blink frog hits you!
* * * LOW HITPOINT WARNING * * *
The blink frog hits you!!
You die...

#.####....##....####P## ###
#...###....## ## ####
#...###....P#
...###....##....#####
....#.......÷#.##...#
>..###.......####...#
..###.........# #...# ..#
##.......####...# ..#
#.....####.@F..# #.#
##....## #.F...## ###
#.....#####....†.# #
###....................#
####......................#
................F.........#
..........................#
..............[...........#
....###....#.####.#.###.###


You could see 3 blink frogs.

Vanquished Creatures
  Gastronok (Lair:1)
  The ghost of Rennog the Thaumaturge, a novice GnWn of Cheibriados (D:6)
  Joseph (D:7)
  2 black mambas (Lair:1)
  A cane toad (Lair:1)
  A rime drake (Lair:1)
  A troll (D:7)
  A blink frog (Lair:1)
  Sigmund (D:6)
  8 yaks
  Grum (D:9)
  A steam dragon (D:9)
  2 water moccasins
  2 ice beasts
  An eye of draining (D:9)
  2 black bears
  2 sky beasts
  5 orc warriors
  6 ogres
  9 wolves
  Blork the orc (D:4)
  8 bullfrogs
  2 scorpions (D:7)
  3 killer bees
  4 wights
  2 howler monkeys (D:4)
  3 electric eels (D:8)
  3 bullfrog zombies
  2 quasits (D:8)
  A jelly (D:7)
  A gnoll shaman (D:6)
  7 orc priests
  Crazy Yiuf (D:4)
  9 hounds
  2 bullfrog skeletons
  Jessica (D:2)
  8 orc wizards
  A hound skeleton (D:7)
  14 mummies (Ossuary)
  A worker ant zombie (D:5)
  10 adders
  11 gnolls
  A white imp (D:7)
  3 adder skeletons
  2 worms (D:2)
  2 dart slugs
  5 leopard geckos
  18 orcs
  5 giant cockroaches
  12 hobgoblins
  13 jackals
  5 quokkas
  3 ball pythons
  5 bats
  8 frilled lizards
  2 gnoll skeletons (Ossuary)
  6 goblins
  4 goblin skeletons (Ossuary)
  9 kobolds
  2 kobold skeletons (Ossuary)
  A leopard gecko zombie (D:6)
  3 quokka skeletons
  9 rats
  11 rat skeletons (Ossuary)
273 creatures vanquished.

Vanquished Creatures (others)
  4 fungi (D:4)
4 creatures vanquished.

Grand Total: 277 creatures vanquished

Notes
Turn   | Place    | Note
-------+----------+-------------------------------------------
     0 | D:1      | ythm the Troll Hunter began the quest for the Orb.
     0 | D:1      | Reached XP level 1. HP: 19/19 MP: 0/0
    13 | D:1      | Reached skill level 1 in Unarmed Combat
    94 | D:1      | Reached XP level 2. HP: 25/27 MP: 1/1
   114 | D:1      | Reached skill level 2 in Unarmed Combat
   421 | D:1      | You fall into a shaft and drop 1 floor!
   437 | D:2      | Reached XP level 3. HP: 33/33 MP: 2/2
   477 | D:2      | Reached skill level 3 in Unarmed Combat
   692 | D:2      | Noticed Jessica
   699 | D:2      | Reached XP level 4. HP: 20/41 MP: 3/3
   711 | D:2      | Killed Jessica
   712 | D:2      | Reached skill level 4 in Unarmed Combat
   831 | D:2      | Found a stormy altar of Qazlal.
  1660 | D:3      | Reached XP level 5. HP: 48/48 MP: 4/4
  1850 | D:3      | Found a shimmering blue altar of Sif Muna.
  2064 | D:4      | Noticed an orc warrior
  2075 | D:4      | Killed an orc warrior
  2076 | D:4      | Reached skill level 5 in Unarmed Combat
  2083 | D:4      | Reached XP level 6. HP: 28/55 MP: 5/5
  2140 | D:4      | Found a staircase to the Ecumenical Temple.
  2147 | D:4      | Reached skill level 6 in Unarmed Combat
  2284 | D:4      | Found a sand-covered staircase.
  2295 | Ossuary  | Entered an ossuary
  2338 | Ossuary  | Reached skill level 7 in Unarmed Combat
  2402 | Ossuary  | Reached XP level 7. HP: 62/62 MP: 6/6
  2819 | D:4      | Found a radiant altar of Vehumet.
  2983 | D:4      | Reached skill level 8 in Unarmed Combat
  3043 | D:4      | Noticed Blork the orc
  3052 | D:4      | Killed Blork the orc
  3143 | D:4      | Found a runed translucent door.
  3144 | D:4      | Noticed Crazy Yiuf
  3150 | D:4      | Killed Crazy Yiuf
  3151 | D:4      | Reached skill level 9 in Unarmed Combat
  3306 | Temple   | Entered the Ecumenical Temple
  3461 | D:5      | Entered Level 5 of the Dungeon
  3461 | D:5      | Found a sparkling altar of Nemelex Xobeh.
  3843 | D:5      | Reached XP level 8. HP: 66/70 MP: 7/7
  4036 | D:5      | Found a shadowy altar of Dithmenos.
  4169 | D:6      | Found Zeviuvu's Antique Armour Emporium.
  4246 | D:6      | Reached skill level 10 in Unarmed Combat
  4410 | D:6      | Found a sparkling altar of Nemelex Xobeh.
  4440 | D:6      | Found a runed translucent door.
  4445 | D:6      | Noticed Rennog's ghost (novice GnWn)
  4533 | D:6      | Noticed Sigmund
  4542 | D:6      | Killed Sigmund
  4666 | D:6      | Reached skill level 11 in Unarmed Combat
  4786 | D:6      | Killed Rennog's ghost
  4787 | D:6      | Reached XP level 9. HP: 64/76 MP: 8/8
  5014 | D:7      | Reached skill level 12 in Unarmed Combat
  5077 | D:7      | Noticed Joseph
  5086 | D:7      | Killed Joseph
  5435 | D:7      | Reached skill level 13 in Unarmed Combat
  5553 | D:8      | Found a snail-covered altar of Cheibriados.
  5783 | D:8      | Noticed a troll
  5792 | D:7      | Killed a troll
  5932 | D:7      | Reached XP level 10. HP: 61/85 MP: 9/9
  6247 | D:8      | Reached skill level 14 in Unarmed Combat
  6389 | D:8      | Found a staircase to the Lair.
  6661 | D:8      | Found a glowing silver altar of Zin.
  6661 | D:8      | Noticed an angel
  6944 | D:9      | Noticed Grum
  7072 | D:9      | Killed Grum
  7086 | D:9      | Found a burning altar of Makhleb.
  7441 | D:9      | Found a shimmering altar of Xom.
  7442 | D:9      | Found a staircase to the Orcish Mines.
  7475 | D:9      | Found a broken altar of Ashenzari.
  7483 | D:9      | Noticed a two-headed ogre
  7637 | Lair:1   | Entered Level 1 of the Lair of Beasts
  7700 | Lair:1   | Noticed a cane toad
  7703 | Lair:1   | Noticed Gastronok
  7708 | Lair:1   | Killed a cane toad
  7709 | Lair:1   | Reached skill level 15 in Unarmed Combat
  7751 | Lair:1   | Killed Gastronok
  7752 | Lair:1   | Reached XP level 11. HP: 60/101 MP: 10/10
  8200 | Lair:1   | Reached skill level 5 in Fighting
  8200 | Lair:1   | Reached skill level 5 in Throwing
  8272 | Lair:1   | Noticed Prince Ribbit
  8294 | Lair:1   | Slain by a blink frog

Illustrated notes

Levels and vault maps discovered:
D:1:      dpeg_arrival_arbitrary_a, layout_loops_ring, st_stairs_11
D:2:      layout_basic, nicolae_overflow_hidden_temple, st_stairs_2,
          minmay_unequal, uniq_jessica
D:3:      layout_loops_ring, led_sif_pool, hangedman_decor_slide_cut
D:4:      layout_loops_ring, kennysheep_mini_moat, minmay_temple_entry_tees,
          nicolae_ossuary_entry_false_entrances, feat_on_display,
          uniq_blork_the_orc, uniq_crazy_yiuf_cottage
D:5:      layout_loops_ring, lemuel_round_altar,
          nemelex_xobeh_ov_fountains_minmay
D:6:      layout_basic, serial_shops, shop, ebering_ghost_sewer_d,
          nemelex_diamond_rough_becter, uniq_sigmund
D:7:      layout_basic, grunt_tough_drop, uniq_joseph
D:8:      layout_basic, zin_angel, erik_lair_island, cheibriados_altar_1
D:9:      layout_big_octagon, elyvilon_altar_4, kennysheep_okawaru_gauntlet,
          tso_metal_star, ashenzari_conservatory_becter, lemuel_doored_altar,
          basic_altar, uniq_grum
Temple:   jpeg_temple_clearing
Lair:1:   layout_cellular_growth, serial_bayou_shore_a, uniq_gastronok,
          uniq_prince_ribbit2

Skill      XL: |  1  2  3  4  5  6  7  8  9 10 11 |
---------------+----------------------------------+-----
Unarmed Combat | 1 2 3 4 5 7 9 11 13 15 | 15.7
Fighting       | 4 5 |  5.0
Throwing       | 4 5 |  5.1
Dodging        | |  1.5
Stealth        | |  0.3

Action                   |  1- 3 |  4- 6 |  7- 9 | 10-12 || total
-------------------------+-------+-------+-------+-------++-------
Melee: Unarmed           |   115 |   132 |   297 |   255 ||   799
       Punch             |       |     2 |    12 |    15 ||    29
Throw: Large rock        |       |     2 |       |     2 ||     4
  Use: Scroll            |       |    12 |     2 |    11 ||    25
       Potion            |       |       |       |     5 ||     5
 Stab: Sleeping          |       |     2 |       |     1 ||     3
       Distracted        |       |       |     1 |       ||     1
Armor: Robe              |    51 |    40 |    60 |   115 ||   266
Dodge: Dodged            |    89 |    38 |   106 |   169 ||   402
Block: Other             |       |    21 |    52 |    66 ||   139
       Reflection        |       |       |     1 |     2 ||     3
